 Dungeon Crawl Stone Soup version 0.23.0 (webtiles) character file.

Game seed: 6226328958528755156

78 Infinimo the Insei (level 4, 0/32 HPs)
             Began as a Demonspawn Transmuter on Feb 10, 2019.
             Succumbed to an adder's poison
             ... on level 2 of the Dungeon.
             The game lasted 00:02:52 (2049 turns).

Infinimo the Insei (Demonspawn Transmuter)          Turns: 2049, Time: 00:02:52

Health: 0/32       AC:  2    Str: 11    XL:     4   Next: 15%
Magic:  1/7        EV: 19    Int: 15    God:
Gold:   52         SH:  0    Dex: 18    Spells: 3/7 levels left

rFire    . . .     SeeInvis .     - Unarmed
rCold    . . .     Gourm    .   (shield currently unavailable)
rNeg     . . .     Faith    .   (armour currently unavailable)
rPois    x         Spirit   .   (helmet currently unavailable)
rElec    .         Reflect  .   (cloak currently unavailable)
rCorr    .         Harm     .   (gloves currently unavailable)
MR       .....                  (boots currently unavailable)
Stlth    ++........             (no amulet)
HPRegen  0.10/turn              (no ring)
MPRegen  0.10/turn              (no ring)

@: lethally poisoned (0 -> -6), spider-form, very slightly contaminated, lightly
drained
A: tiny, rot immunity
a: End Transformation


You were on level 2 of the Dungeon.
You were not hungry.
You were a venomous arachnid creature.
You visited 1 branch of the dungeon, and saw 2 of its levels.

You collected 52 gold pieces.

Inventory:

Missiles
 a - 12 arrows
Armour
 b - a +1 robe (melded)
Scrolls
 g - a scroll of noise
 i - 2 scrolls of remove curse
Comestibles
 c - 3 chunks of flesh
 d - 4 rations


   Skills:
 - Level 1.0(0.6) Fighting
 - Level 1.7(1.4) Dodging
 * Level 4.1(3.7) Unarmed Combat
 - Level 2.0(1.6) Spellcasting
 + Level 2.7(2.3) Transmutations


You had 3 spell levels left.
You knew the following spells:

 Your Spells              Type           Power        Failure   Level  Hunger
a - Beastly Appendage     Tmut           #.....       22%         1    ##.....
b - Spider Form           Tmut/Pois      #.........   61%         3    ####...

Your spell library contained the following spells:

 Spells                   Type           Power        Failure   Level  Hunger
 Sticks to Snakes         Tmut           #.......     30%         2    ###....
 Ice Form                 Ice/Tmut       #.......     92%         4    #####..
 Blade Hands              Tmut           #.........   98%         5    ######.


Dungeon Overview and Level Annotations

Branches:
Dungeon (2/15)

Altars:


Innate Abilities, Weirdness & Mutations

((You are partially covered in large bone plates. (SH +4)))
You are immune to rotting.


Message History

You feel sick.
You aren't carrying any potions.
You see here an adder corpse.
* * * LOW HITPOINT WARNING * * *
You feel sick.
Casting: Beastly Appendage (safe; 9% risk of failure)
Confirm with . or Enter, or press ? or * to list all spells.
You miscast Spider Form.
You are very lightly contaminated with residual magic.
You feel slightly ill.
* * * LOW HITPOINT WARNING * * *
You feel sick.
Casting: Spider Form (slightly dangerous; 38% risk of failure)
Confirm with . or Enter, or press ? or * to list all spells.
You turn into a venomous arachnid creature.
Your +1 robe melds into your body.
The goblin hits you.
* * * LOW HITPOINT WARNING * * *
The goblin is poisoned.
The goblin is severely wounded.
You die...

##..#####.###.# $#
..........###.# .#
..............###.#
.......)..###..#..#
..........# ##.#.#
..........# #...#
..........# ###.#
(.........# #g#
..........# #s#
..........# ###
###.......#
#.......# #...<...#
#..>....# #########


You could see a goblin.

Vanquished Creatures
  2 adders (D:2)
  An ooze (D:1)
  2 worms (D:2)
  A dart slug (D:1)
  A leopard gecko (D:1)
  5 bats (D:1)
  2 giant cockroaches (D:2)
  5 goblins
  5 hobgoblins
  7 jackals
  A quokka (D:2)
  2 ball pythons
  4 frilled lizards
  A kobold (D:1)
  6 rats
45 creatures vanquished.

Notes
Turn   | Place    | Note
-------+----------+-------------------------------------------
     0 | D:1      | Infinimo the Demonspawn Transmuter began the quest for the
                  | Orb.
     0 | D:1      | Reached XP level 1. HP: 15/15 MP: 3/3
   305 | D:1      | Reached skill level 3 in Unarmed Combat
   353 | D:1      | Gained mutation: You are partially covered in large bone
                  | plates. (SH +4) [demonic ancestry]
   353 | D:1      | Reached XP level 2. HP: 19/21 MP: 5/5
   688 | D:1      | Gained mutation: You are immune to rotting. [demonic
                  | ancestry]
   688 | D:1      | Reached XP level 3. HP: 26/26 MP: 3/6
  1740 | D:2      | Learned a level 3 spell: Spider Form
  1866 | D:2      | Reached skill level 4 in Unarmed Combat
  1881 | D:2      | Reached XP level 4. HP: 21/32 MP: 5/7
  2048 | D:2      | HP: 1/32 [goblin (4)]
  2049 | D:2      | Succumbed to an adder's poison

Skill      XL: |  1  2  3 |
---------------+----------+-----
Unarmed Combat | 3 4 |  4.1
Transmutations | 2 |  2.7
Fighting       | |  1.0
Dodging        | |  1.7
Spellcasting   | |  2.0

Action                   |  1- 3 |  4- 6 || total
-------------------------+-------+-------++-------
Melee: Unarmed           |   146 |    16 ||   162
       Headbutt          |    13 |     1 ||    14
       Kick              |     4 |       ||     4
 Cast: Beastly Appendage |    18 |     1 ||    19
       Spider Form       |       |     1 ||     1
  Use: Scroll            |     5 |       ||     5
       Potion            |     1 |       ||     1
  Eat: Chunk             |     4 |       ||     4
Armor: Robe              |    19 |     4 ||    23
Dodge: Dodged            |    85 |    11 ||    96
Block: Other             |    31 |     1 ||    32
